 Dungeon Crawl Stone Soup version 0.22-a0-521-gb1378044ac (webtiles) character file.

79 Oravi the Magician (level 4, -8/24 HPs)
             Began as a Tengu Wizard on June 20, 2018.
             Killed by divine providence
             ... invoked by an orc priest
              (15 damage)
             ... on level 4 of the Dungeon.
             The game lasted 00:07:08 (1684 turns).

Oravi the Magician (Tengu Wizard)                   Turns: 1684, Time: 00:07:09

Health: -8/24      AC:  2    Str:  7    XL:     4   Next: 37%
Magic:  8/10       EV: 12    Int: 25    God:
Gold:   84         SH:  6    Dex: 12    Spells: 7/10 levels left

rFire    . . .     SeeInvis .   l - +1 flail (venom)
rCold    . . .     Gourm    .   (no shield)
rNeg     . . .     Faith    .   a - +0 robe
rPois    .         Spirit   .   b - +0 hat
rElec    .         Reflect  +   (no cloak)
rCorr    .         Harm     .   (no gloves)
MR       .....                  (boots unavailable)
Stlth    ++........             p - +6 amulet of reflection
HPRegen  0.08/turn              (no ring)
MPRegen  0.12/turn              (no ring)

@: brilliant
A: beak, talons 3
a: no special abilities


You were on level 4 of the Dungeon.
You were not hungry.

You visited 1 branch of the dungeon, and saw 3 of its levels.

You collected 84 gold pieces.

Inventory:

Hand Weapons
 g - a +0 whip
 l - a +1 flail of venom (weapon)
Missiles
 j - 52 stones (quivered)
 k - 5 javelins
Armour
 a - a +0 robe (worn)
 b - a +0 hat (worn)
 f - a +0 large shield
Jewellery
 p - a +6 amulet of reflection (around neck)
Scrolls
 h - a scroll of remove curse {unknown}
 m - a scroll of teleportation {unknown}
 n - a scroll of immolation {unknown}
Potions
 o - a potion of cancellation {unknown}
Comestibles
 c - 8 chunks of flesh
 d - 3 rations


   Skills:
 + Level 0.8 Fighting
 + Level 2.5 Dodging
 - Level 2.0 Stealth
 + Level 3.8 Spellcasting
 + Level 3.5 Conjurations
   Level 1.2 Summonings
 - Level 0.7 Translocations


You had 7 spell levels left.
You knew the following spells:

 Your Spells              Type           Power        Failure   Level  Hunger
a - Magic Dart            Conj           ####         1%          1    None
b - Blink                 Tloc           N/A          1%          2    #......

Your spell library contained the following spells:

 Spells                   Type           Power        Failure   Level  Hunger
 Conjure Flame            Conj/Fire      ####....     1%          3    ##.....
 Slow                     Hex            ###.....     1%          2    #......
 Mephitic Cloud           Conj/Pois/Air  ####....     2%          3    ##.....
 Call Imp                 Summ           ####....     1%          2    #......


Dungeon Overview and Level Annotations

Branches:
Dungeon (2/15)

Altars:


Innate Abilities, Weirdness & Mutations

You have a beak for a mouth.
You have claws for feet.


Message History

* * * LOW HITPOINT WARNING * * *
The orc priest barely misses you. The orc closely misses you.
It was a potion of brilliance.
You feel clever all of a sudden.
The orc shouts!
You hear a shout!
You block the orc priest's attack.
It was a potion of curing.
You feel better. You block the orc's attack. The orc priest misses you.
Casting: Magic Dart (safe; 1% risk of failure)
Confirm with . or Enter, or press ? or * to list all spells.
Aiming: Magic Dart (safe; 1% risk of failure)
Press: ? - help, Shift-Dir - straight line, f - orc priest, p - orc
Aim: an orc priest, wielding a club The magic dart hits the orc priest.
The orc priest is moderately wounded.
The orc barely misses you.
The orc priest mumbles some strange prayers to Beogh against you.
Beogh smites you!
Ouch! That really hurt!
You die...

... ..# ..# ..# .
###.###o.(
#########.........
#...$.....o..#
#..(...oo.##.#
#......@### #
#.......#
#.......#
#.......#
#.......#
#.......#
#.......#
#.......#
#########


You could see an orc priest and 2 orcs.

Vanquished Creatures
  A worker ant (D:2)
  An adder (D:2)
  An ooze (D:2)
  A worm (D:2)
  A dart slug (D:1)
  An orc (D:2)
  2 bats
  3 giant cockroaches
  6 goblins
  6 hobgoblins
  3 kobolds
  A ball python (D:2)
  A frilled lizard (D:1)
  7 rats
35 creatures vanquished.

Notes
Turn   | Place    | Note
-------+----------+-------------------------------------------
     0 | D:1      | Oravi the Tengu Wizard began the quest for the Orb.
     0 | D:1      | Reached XP level 1. HP: 10/10 MP: 5/5
   197 | D:1      | Reached XP level 2. HP: 14/15 MP: 2/7
   201 | D:1      | Learned a level 2 spell: Blink
   979 | D:2      | Reached XP level 3. HP: 8/19 MP: 0/9
  1531 | D:2      | Reached XP level 4. HP: 24/24 MP: 3/10
  1649 | D:2      | You fall through a shaft for 2 floors!
  1681 | D:4      | HP: 1/24 [orc/club (6)]
  1684 | D:4      | Killed from afar by an orc priest

Vault maps used:
D:1:      minmay_arrival_diagonal_passages
D:2:      first_ration, kennysheep_generic_room_14
D:4:      nicolae_overflow_hidden_temple, tso_metal_star

Skill      XL: |  1  2 |
---------------+-------+-----
Conjurations   | 2 3 |  3.5
Fighting       | |  0.8
Dodging        | |  2.5
Stealth        | |  2.0
Spellcasting   | |  3.8
Summonings     | |  1.2
Translocations | |  0.7

Action                   |  1- 3 |  4- 6 || total
-------------------------+-------+-------++-------
Melee: Whip              |     9 |       ||     9
       Kick              |     3 |     1 ||     4
       Peck              |     1 |       ||     1
       Flail             |     1 |     3 ||     4
Throw: Stone             |       |     1 ||     1
 Cast: Magic Dart        |    71 |     3 ||    74
  Use: Potion            |       |     2 ||     2
  Eat: Chunk             |     2 |       ||     2
Armor: Robe              |     1 |       ||     1
Dodge: Dodged            |    10 |     7 ||    17
Block: Other             |       |     2 ||     2

Table legend:
 A = Spawn XP
 B = Non-spawn XP
 C = Spawn XP percentage of total XP
 D = Spawn monster count
 E = Non-spawn monster count
 F = Spawn count percentage of total count
 G = Total turns spent on level
                    A         B        C        D         E        F      G
               +---------+---------+-------+---------+---------+-------+---------
         Total |       0 |     113 |   0.0 |       0 |      35 |   0.0 |  1684
               +---------+---------+-------+---------+---------+-------+---------
           D:1 |       0 |      30 |   0.0 |       0 |      16 |   0.0 |   911
           D:2 |       0 |      83 |   0.0 |       0 |      19 |   0.0 |   738
               +---------+---------+-------+---------+---------+-------+---------
